 Dungeon Crawl Stone Soup version 0.25-a0-842-g81a31cfd23 (webtiles) character file.

Game seed: 11958291267411606850, levelgen mode: deterministic

54 xccam the Ruffian (level 3, -1/28 HPs)
             Began as a Draconian Transmuter on Apr 24, 2020.
             Slain by Terence
             ... wielding a +0 flail
              (7 damage)
             ... on level 3 of the Dungeon.
             The game lasted 00:02:14 (1302 turns).

xccam the Ruffian (Draconian Transmuter)            Turns: 1302, Time: 00:02:15

Health: -1/28      AC:  5    Str: 13    XL:     3   Next: 66%
Magic:  5/6        EV: 12    Int: 13    God:
Gold:   93         SH:  0    Dex: 11    Spells: 5/6 levels left

rFire    . . .     SeeInvis .     - Unarmed
rCold    . . .     Gourm    .   (no shield)
rNeg     . . .     Faith    .   (armour unavailable)
rPois    .         Spirit   .   (helmet restricted)
rElec    .         Reflect  .   (no cloak)
rCorr    .         Harm     .   (no gloves)
MR       .....                  (no boots)
Stlth    +.........             (no amulet)
HPRegen  0.09/turn              (no ring)
MPRegen  0.10/turn              (no ring)

@: very slightly contaminated
A: unfitting armour, cold-blooded, AC +5
a: no special abilities


You were on level 3 of the Dungeon.
You were hungry.

You visited 1 branch of the dungeon, and saw 3 of its levels.

You collected 93 gold pieces.

Inventory:

Missiles
 a - 12 arrows
Scrolls
 f - a scroll of magic mapping {unknown}
Potions
 b - 2 potions of flight {unknown}
 e - 2 potions of brilliance {unknown}
Comestibles
 c - 4 rations


   Skills:
 - Level 1.1 Fighting
 - Level 1.7 Dodging
 + Level 4.7 Unarmed Combat
 - Level 2.0 Spellcasting
 - Level 2.0 Transmutations


You had 5 spell levels left.
You knew the following spells:

 Your Spells              Type           Power        Failure   Level  Hunger
a - Beastly Appendage     Tmut           #.....       11%         1    ##.....

Your spell library contained the following spells:

 Spells                   Type           Power        Failure   Level  Hunger
 Sticks to Snakes         Tmut           #.......     17%         2    ###....
 Spider Form              Tmut/Pois      #.........   45%         3    ####...
 Ice Form                 Ice/Tmut       #.......     86%         4    #####..
 Blade Hands              Tmut           #.........   97%         5    ######.


Dungeon Overview and Level Annotations

Branches:
Dungeon (3/15)

Altars:

Annotations:
D:3 Terence


Innate Abilities, Weirdness & Mutations

Your plain brown scales are hard. (AC +5)
You cannot fit into any form of body armour.
You are cold-blooded and may be slowed by cold attacks.


Message History

You hit Terence but do no damage.
Terence is lightly wounded.
Terence hits you with a +0 flail.
You closely miss Terence.
Terence is lightly wounded.
Terence closely misses you.
You punch Terence!
Terence is heavily wounded.
Terence completely misses you.
You barely miss Terence. You headbutt Terence.
Terence is severely wounded.
Your horns disappear.
You barely miss Terence.
Terence is severely wounded.
Terence hits you with a +0 flail!
* * * LOW HITPOINT WARNING * * *
You hit Terence.
Terence is almost dead.
Terence hits you with a +0 flail!
You die...

#....# #....#
#....# #....###
#....... # #....#
... ######....#
###.... ..#.......#
####....#
.......##.# #.@@.#
........#.####.####
...............#
........#......##
.......##..>....##
......##.........#
##.#####.........#
##.# #.........# #
# #....%....#


You could see Terence.

Vanquished Creatures
  2 adders
  A worm (D:2)
  2 ball pythons
  4 bats
  5 giant cockroaches
  7 goblins
  4 hobgoblins
  2 kobolds
  A frilled lizard (D:2)
  3 rats
31 creatures vanquished.

Notes
Turn   | Place    | Note
-------+----------+-------------------------------------------
     0 | D:1      | xccam the Draconian Transmuter began the quest for the Orb.
     0 | D:1      | Reached XP level 1. HP: 16/16 MP: 3/3
   273 | D:1      | Reached XP level 2. HP: 23/23 MP: 5/5
   590 | D:2      | Reached skill level 4 in Unarmed Combat
   808 | D:2      | Reached XP level 3. HP: 28/28 MP: 6/6
  1270 | D:3      | Noticed Terence
  1302 | D:3      | Slain by Terence

Levels and vault maps discovered:
D:1:      dpeg_arrival_concentric_ovals, layout_basic, kennysheep_boxes
D:2:      layout_rooms, first_ration, serial_curves, eino_curves_01,
          eino_curves_04
D:3:      layout_rooms, uniq_crazy_yiuf_cottage, uniq_terence

Skill      XL: |  1  2 |
---------------+-------+-----
Unarmed Combat | 4 |  4.7
Fighting       | |  1.1
Dodging        | |  1.7
Spellcasting   | |  2.0
Transmutations | |  2.0

Action                   || total
-------------------------++-------
Melee: Unarmed           ||   132
       Tailslap          ||    12
       Headbutt          ||     4
       Punch             ||     1
 Cast: Beastly Appendage ||     6
 Stab: Sleeping          ||     2
  Eat: Chunk             ||     1
Armor: Skin              ||    46
Dodge: Dodged            ||   101

Table legend:
 A = Non-vault XP
 B = Vault XP
 C = Vault XP percentage of total XP
 D = Non-vault monster count
 E = Vault monster count
 F = Vault count percentage of total count
                 A         B        C        D         E       F
            +---------+---------+-------+---------+---------+-------
      Total |      78 |       0 |   0.0 |      31 |       0 |   0.0
            +---------+---------+-------+---------+---------+-------
        D:1 |      21 |       0 |   0.0 |      12 |       0 |   0.0
        D:2 |      41 |       0 |   0.0 |      17 |       0 |   0.0
        D:3 |      16 |       0 |   0.0 |       2 |       0 |   0.0
            +---------+---------+-------+---------+---------+-------
